 Dungeon Crawl Stone Soup version 0.28.0 (webtiles) character file.

Game seed: 1208606437197092457

264 RighteousDevil the Slasher (level 5, 0/43 HPs)
             Began as a Palentonga Abyssal Knight on Feb 9, 2022.
             Was a Believer of Lugonu.
             Slain by Grinder (9 damage)
             ... while paralysed by Grinder
             ... on level 3 of the Dungeon.
             The game lasted 00:05:54 (2965 turns).

RighteousDevil the Slasher (PaAK)                   Turns: 2965, Time: 00:05:54

Health: 0/43       AC:  6    Str: 18    XL:     5   Next: 98%
Magic:  6/6        EV:  1    Int: 11    God:    Lugonu [**....]
Gold:   81         SH:  0    Dex: 10    Spells: 4/4 levels left

rFire   . . .      SeeInvis +   a - +3 falchion (vorpal)
rCold   . . .      Faith    .   (no shield)
rNeg    . . .      Spirit   .   d - +0 scale mail
rPois   .          Reflect  .   (no helmet)
rElec   .          Harm     .   (no cloak)
rCorr   .          Rampage  .   (no gloves)
Will    .....                   (no barding)
Stlth   ..........              (no amulet)
HPRegen 0.14/turn               (no ring)
MPRegen 0.10/turn               (no ring)

@: paralysed
A: large, rugged brown scales 3, see invisible, deformed body, roll 1, armoured
tail
a: Rolling Charge, Renounce Religion, Depart the Abyss, Bend Space


You were on level 3 of the Dungeon.
You worshipped Lugonu.
Lugonu was pleased with you.
You visited 1 branch of the dungeon, and saw 3 of its levels.
You visited the Abyss 1 time.

You collected 81 gold pieces.

Inventory:

Hand Weapons
 a - a +3 vorpal falchion (weapon)
Missiles
 e - 6 poisoned darts
 h - 6 atropa-tipped darts
Armour
 b - a +0 leather armour
 d - a +0 scale mail (worn)
Wands
 c - a wand of flame (9)
 g - a wand of acid (11)
Scrolls
 i - a scroll of identify {unknown}
 j - a scroll of teleportation {unknown}
 k - a scroll of holy word {unknown}


   Skills:
 - Level 3.2 Fighting
 + Level 5.8 Long Blades
 - Level 1.8 Armour
 - Level 1.1 Dodging
 - Level 2.3 Invocations


You had 4 spell levels left.
You didn't know any spells.
Your spell library contained the following spells:

 Spells                   Type           Power      Damage    Failure   Level
 Inner Flame              Hex/Fire       0%         N/A       98%         3
 Cause Fear               Hex            0%         N/A       100%        4
 Discord                  Hex            0%         N/A       100%        8


Dungeon Overview and Level Annotations

Branches:
Dungeon (3/15)

Altars:
Yredelemnul

Annotations:
D:3 Grinder


Innate Abilities, Weirdness & Mutations

You are completely covered in rugged brown scales. (AC +3, +7% HP)
You have supernaturally acute eyesight. (SInv)
Armour fits poorly on your strangely shaped body.
You can roll at nearby foes to attack.
You have a long armoured tail.


Message History

Grinder closely misses you. Space bends around you!
You blink.
Space bends around you!
You blink.
Grinder blinks!
You are starting to lose your buoyancy.
There is a stone staircase leading up here.
You fly upwards.
There is a stone staircase leading down here.
You start resting.
You float gracefully downwards.
You start resting.
Magic restored.
You start resting.
HP restored.
You climb downwards.
Level annotation: Grinder
There is a stone staircase leading up here.
Unknown command.
Grinder blinks!
You aren't carrying any potions.
Unknown command.
As you read the scroll of enchant weapon, it crumbles to dust.
Your +2 vorpal falchion glows red for a moment.
You hit Grinder.
Grinder is lightly wounded.
Grinder hits you.
You writhe in agony.
You closely miss Grinder.
Grinder is lightly wounded.
Grinder barely misses you.
You hit Grinder but do no damage.
Grinder is lightly wounded.
Grinder gestures at you.
You suddenly lose the ability to move!
Grinder hits you!
You writhe in agony.
Grinder hits you!
You writhe in agony.
* * * LOW HITPOINT WARNING * * *
Grinder hits you.
* * * LOW HITPOINT WARNING * * *
You writhe in agony.
* * * LOW HITPOINT WARNING * * *
Grinder hits you!
You die...

#. ##.###.### #. #.####.#.#####
#. #.#..........# #.
#(.......###.#####.
#...###............ #
#########...#.......)######
#######......##.....#..##..#
........####.# #....<..##..#
############.###@####......# #
#..(..5.......#...# #
#.#.###.#######...# # #.#.###.#
#...# ##########.#..##.#
#...###### ##>......#.##.##.#
#.....<...
##.......#.##.##.#######...##.##.
##.......#.......#...............
##.............................#.


You could see Grinder.

Vanquished Creatures
  Sigmund (D:2)
  A hound (D:3)
  An adder (D:2)
  A dart slug (D:3)
  7 orcs (D:3)
  5 bats
  2 endoplasms
  4 giant cockroaches
  2 goblins (D:3)
  2 hobgoblins
  2 quokkas
  10 ball pythons
  9 frilled lizards (D:1)
  4 kobolds
  7 rats
58 creatures vanquished.

Notes
Turn   | Place    | Note
-------+----------+-------------------------------------------
     0 | Abyss:1  | RighteousDevil the Palentonga Abyssal Knight began the
                  | quest for the Orb.
     0 | Abyss:1  | Reached XP level 1. HP: 19/19 MP: 2/2
    11 | D:1      | Escaped the Abyss
   267 | D:1      | Reached skill level 1 in Dodging
   269 | D:1      | Reached XP level 2. HP: 23/25 MP: 3/3
   536 | D:1      | Reached ** piety under Lugonu
  1249 | D:2      | Found a basalt altar of Yredelemnul.
  1297 | D:2      | Reached XP level 3. HP: 28/31 MP: 4/4
  1359 | D:2      | Found a faded altar of an unknown god.
  1448 | D:2      | Noticed Sigmund
  1490 | D:2      | Killed Sigmund
  1491 | D:2      | Reached skill level 5 in Long Blades
  1491 | D:2      | Reached XP level 4. HP: 19/37 MP: 5/5
  1491 | D:2      | Reached XP level 5. HP: 22/43 MP: 6/6
  2663 | D:3      | Noticed Grinder
  2677 | D:3      | Paralysed by Grinder for 5 turns
  2961 | D:3      | Paralysed by Grinder for 7 turns
  2965 | D:3      | Slain by Grinder

Illustrated notes

Levels and vault maps discovered:
D:1:      amcnicky_arrival_single_pillar, layout_loops_ring, minmay_lizard_pond
D:2:      layout_rooms, dreamdust_ecumenical_altar_grove, basic_altar,
          uniq_sigmund
D:3:      layout_loops_cross, uniq_grinder

Skill      XL: |  1  2  3 |
---------------+----------+-----
Dodging        | 1 |  1.1
Long Blades    | 5 |  5.8
Fighting       | |  3.2
Armour         | |  1.8
Invocations    | |  2.3

Action                   |  1- 3 |  4- 6 || total
-------------------------+-------+-------++-------
Melee: Falchion          |    80 |    72 ||   152
       Tailslap          |     3 |     5 ||     8
Invok: Bend Space        |       |     2 ||     2
 Abil: Rolling Charge    |     8 |     1 ||     9
Evoke: Wand              |     5 |       ||     5
  Use: Scroll            |     5 |     3 ||     8
       Potion            |     2 |     2 ||     4
 Stab: Fleeing           |     2 |       ||     2
Armor: Leather armour    |    31 |    16 ||    47
       Scale mail        |       |     8 ||     8
       Skin              |       |     3 ||     3
Dodge: Dodged            |    34 |    37 ||    71
